AoeStats
← Odo'Sha

Nomad

509815613Analyzed
4v4 RM · 3d ago on Sep 28, 2026· 56m 7s· 8 players
Game mode
Random Map
Map size
231×231
Population
200
Speed
Normal
Resources
Standard
Victory
Conquest
Starting age
Dark Age
Ending age
Imperial Age
RankedLock teamsTeams togetherTeam positionsShared explorationLock speedFull tech treeHidden civsTurbo modeCheats
Victory
Defeat
🇲🇽 Portuguese · Mexico
979
+11
🇵🇪 Teutons · Peru
894
+15
🇺🇸 Lithuanians · United States
850
+17
🇲🇽 Bohemians · Mexico
796
+18
🇨🇱 Magyars · Chile
892
-16
🇨🇳 Spanish · China
891
-16
🇹🇼 Khitans · Taiwan
883
-26
🇦🇷 Franks · Argentina
799
-13
T.S | Mo
6:14 Loom
19:44 Feudal Age
20:28 Stone Mining
20:28 Gold Mining
20:25 Double-Bit Axe
26:20 Man-at-Arms
26:47 Arson
31:06 Castle Age
29:53 Bloodlines
31:37 Pikeman
32:18 Squires
33:13 Husbandry
34:19 Fletching
34:40 Forging
36:38 Stone Shaft Mining
Odo'Sha
8:07 Loom
19:25 Feudal Age
22:47 Double-Bit Axe
23:57 Horse Collar
27:13 Castle Age
25:39 Man-at-Arms
27:32 Forging
27:58 Long Swordsman
31:58 Squires
31:44 Arson
34:05 Bow Saw
37:52 Wagenburg Tactics
40:44 Imperial Age
38:06 Elite Skirmisher
42:18 Wheelbarrow
43:04 Hand Cart
42:37 Town Watch
43:00 Heavy Plow
45:29 Elite Hussite Wagon
48:03 Hussite Reforms
52:55 Two-Handed Swordsman
54:59 Champion
Inhapropiado
6:20 Loom
13:27 Feudal Age
14:37 Double-Bit Axe
19:12 Castle Age
19:04 Forging
19:11 Gold Mining
19:44 Scale Barding Armor
20:56 Horse Collar
22:20 Husbandry
24:17 Town Watch
26:02 Devotion
26:07 Fishing Lines
27:08 Chain Barding Armor
28:04 Wheelbarrow
28:26 Bloodlines
29:28 Hand Cart
30:28 Town Patrol
31:36 Bow Saw
35:09 Imperial Age
33:18 Fletching
34:05 Iron Casting
33:30 Scale Mail Armor
33:32 Padded Archer Armor
36:14 Conscription
36:07 Bodkin Arrow
35:56 Cavalier
40:06 Circumnavigation
40:12 Circumnavigation
41:52 Two-Man Saw
42:21 Onager
42:22 Capped Ram
44:50 Heavy Plow
46:32 Light Cavalry
CERBERO
15:20 Feudal Age
15:14 Loom
16:00 Double-Bit Axe
15:56 Horse Collar
22:47 Castle Age
23:49 Wheelbarrow
24:40 Bow Saw
25:30 Heavy Plow
26:35 Pikeman
27:01 Gambesons
27:16 Squires
27:03 Arson
27:59 Hand Cart
27:32 Town Watch
32:19 Fortified Wall
32:29 Stone Mining
32:30 Gold Mining
33:05 Forging
32:55 Scale Mail Armor
34:09 Stone Shaft Mining
38:35 Imperial Age
38:19 Iron Casting
37:59 Chain Mail Armor
39:47 Conscription
39:49 Ironclad
40:36 Blast Furnace
40:06 Plate Mail Armor
39:19 Capped Ram
40:33 Halberdier
42:31 Chemistry
41:37 Siege Engineers
42:13 Crop Rotation
42:45 Two-Man Saw
42:53 Elite Teutonic Knight
Fenixx
3:53 Loom
16:19 Feudal Age
16:50 Double-Bit Axe
17:42 Wheelbarrow
16:52 Town Watch
17:28 Fishing Lines
21:48 Bloodlines
22:49 Gold Mining
22:50 Stone Mining
27:22 Castle Age
28:25 Husbandry
28:33 Scale Barding Armor
29:25 Light Cavalry
30:34 Bow Saw
30:41 Hand Cart
30:27 Town Patrol
31:04 Gold Shaft Mining
30:23 Horse Collar
32:09 Chain Barding Armor
37:18 Heavy Plow
37:38 Medium Warships
38:43 Fletching
40:25 Bodkin Arrow
43:19 Imperial Age
41:41 Corvinian Army
43:40 Cavalier
General
13:04 Loom
17:28 Feudal Age
18:29 Double-Bit Axe
20:53 Wheelbarrow
24:14 Castle Age
22:23 Stone Mining
26:15 Scale Barding Armor
26:21 Forging
27:07 Squires
27:47 Hand Cart
27:58 Pikeman
28:54 Man-at-Arms
30:18 Husbandry
38:06 Imperial Age
35:11 Ordonnance Companies
36:35 Long Swordsman
37:01 Gambesons
38:51 Murder Holes
39:36 Two-Handed Swordsman
42:14 Halberdier
44:17 Cavalier
47:01 Champion
49:34 Heavy Scorpion
54:29 Elite Throwing Axeman
Olala
11:40 Loom
15:40 Feudal Age
16:19 Double-Bit Axe
22:05 Fletching
22:17 Padded Archer Armor
23:47 Wheelbarrow
24:28 Gold Mining
26:44 Castle Age
27:42 Crossbowman
28:28 Thumb Ring
29:30 Fishing Lines
29:41 Elite Skirmisher
30:20 Bodkin Arrow
30:41 Leather Archer Armor
32:29 Bow Saw
32:03 Domestication
34:38 Pikeman
35:40 Town Watch
35:54 Gillnets
38:51 Squires
38:36 Gambesons
44:32 Forging
44:22 Scale Mail Armor
48:20 Imperial Age
46:48 Medium Warships
50:00 Conscription
50:36 Chain Mail Armor
50:57 Iron Casting
50:23 Bracer
S个帅哥
12:15 Loom
15:54 Feudal Age
23:21 Castle Age
22:26 Stone Mining
22:29 Gold Mining
25:19 Husbandry
25:29 Bloodlines
26:09 Forging
26:05 Scale Barding Armor
25:51 Double-Bit Axe
28:07 Chain Barding Armor
28:23 Iron Casting
33:55 Wheelbarrow
37:29 Stone Shaft Mining
41:02 Town Watch
49:08 Imperial Age
48:05 Padded Archer Armor
47:55 Fletching
49:13 Bodkin Arrow
Connection lost

Rejoining the realm…

Still unreachable

The connection could not be restored.

Session expired

The server has moved on; the page needs a fresh start.